AoeStats
← _LY_抖音肥龙

Arabian Desert

510351330Analyzed
1v1 RM · 16h ago on Sep 30, 2026· 39m 50s· 2 players
Game mode
Random Map
Map size
Tiny (2 player)
Population
200
Speed
Normal
Resources
Standard
Victory
Conquest
Starting age
Dark Age
Ending age
Imperial Age
RankedLock teamsTeams togetherTeam positionsShared explorationLock speedFull tech treeHidden civsTurbo modeCheats
Victory
Defeat
🇭🇰 Romans · Hong Kong SAR China
2808
+18
🇮🇹 Persians · Italy
2859
-18
_LY_抖音肥龙
6:22 Loom
8:43 Feudal Age
8:53 Man-at-Arms
10:12 Double-Bit Axe
14:13 Scale Mail Armor
15:18 Fletching
16:46 Padded Archer Armor
21:46 Castle Age
20:50 Horse Collar
21:34 Bloodlines
21:15 Gold Mining
22:25 Bodkin Arrow
22:52 Bow Saw
23:19 Town Watch
23:37 Husbandry
26:36 Scale Barding Armor
27:05 Ballistics
26:56 Heavy Plow
30:07 Wheelbarrow
31:50 Pikeman
32:42 Elite Skirmisher
35:40 Leather Archer Armor
39:43 Imperial Age
38:33 Hand Cart
39:23 Herbal Medicine
40:28 Forging
41:29 Chemistry
wR.Nicov
5:32 Loom
8:27 Feudal Age
8:28 Man-at-Arms
9:40 Arson
15:39 Fletching
15:35 Double-Bit Axe
16:11 Fletching
22:35 Castle Age
21:21 Scale Barding Armor
21:33 Horse Collar
22:31 Bloodlines
23:59 Elite Skirmisher
26:48 Bow Saw
28:47 Ballistics
29:40 Bodkin Arrow
33:45 Husbandry
34:21 Town Watch
Connection lost

Rejoining the realm…

Still unreachable

The connection could not be restored.

Session expired

The server has moved on; the page needs a fresh start.